 Dungeon Crawl Stone Soup version 0.30-a0-782-ge64f9170bb (webtiles) character file.

Game seed: 17485391050858577997

4560 Ijustatesigmund the Protected (level 10, -26/64 HPs)
             Began as a Gargoyle Fighter on Feb 23, 2023.
             Was a Follower of Ashenzari.
             Annihilated by an enormous slime creature (74 damage)
             ... on level 8 of the Dungeon.
             The game lasted 00:16:54 (7913 turns).

Ijustatesigmund the Protected (Gargoyle Fighter)    Turns: 7913, Time: 00:16:54

Health: -26/64     AC: 27    Str: 21    XL:     10   Next: 40%
Magic:  19/19      EV:  8    Int: 13    God:    Ashenzari [*.....]
Gold:   314        SH:  5    Dex: 11    Spells: 8/9 levels left

rFire   . . .      SeeInvis +    j - +10 sling "Natyttev" {heavy, Fly Will+}
rCold   + . .      Faith    .    c - +0 buckler "Ruined Inaction" {Alch, Fort} (curse)
rNeg    + . .      Spirit   .    b - +4 chain mail {rC+}
rPois   ∞          Reflect  .    (no helmet)
rElec   +          Harm     .    u - +0 cloak
rCorr   .          Rampage  .    f - +2 pair of gloves of the Moneychanger {Int+3}
Will    +....                    (no boots) Stlth
                                 q - amulet of the acrobat
HPRegen 0.30/turn                h - ring "Seeker of Ashenzari" {MP+9, Comp, Melee} (curse)
MPRegen 0.16/turn                p - ring of see invisible

@: flying
A: sickness immunity, AC +7, negative energy resistance 1, electricity
resistance, torment resistance 1, petrification resistance
a: Renounce Religion, Shatter the Chains


You were on level 8 of the Dungeon.
You worshipped Ashenzari.
Ashenzari was aware of your devotion.
You visited 2 branches of the dungeon, and saw 9 of its levels.
You also visited: Sewer.

You collected 394 gold pieces.
You spent 80 gold pieces at shops.

Inventory:

Hand Weapons
 a - a +1 flail
 j - the +10 sling "Natyttev" (weapon) {heavy, Fly Will+}
   (You found it in a sewer)

   Fly:       It grants you flight.
   Will:      It increases your willpower.
Missiles
 x - 4 throwing nets
Armour
 b - a +4 chain mail of cold resistance (worn)
 c - the cursed +0 buckler "Ruined Inaction" (worn) {Alch, Fort}

   It has a curse which improves the following skills: Alchemy: Poison Magic and
   Transmutations.
   Fortitude: Armour and Shields.
 f - the +2 pair of gloves of the Moneychanger (worn) {Int+3}
   (You acquired it on level 2 of the Dungeon)

   Int:       It affects your intelligence (+3).
 u - a +0 cloak (worn)
Magical Staves
 o - a staff of air
Jewellery
 h - the cursed ring "Seeker of Ashenzari" (left hand) {MP+9, Comp, Melee}
   (You found it on level 1 of the Dungeon)

   [ring of magical power]

   MP:        It affects your magic capacity (+9).
   It has a curse which improves the following skills: Companions: Summonings
   and Necromancy.
   Melee Combat: Short Blades, Long Blades, Axes, Maces & Flails, Polearms,
   Staves and Unarmed Combat.
 p - a ring of see invisible (right hand)
 q - an amulet of the acrobat (around neck)
 v - a ring of protection from cold
Wands
 t - a wand of digging (6)
 z - a wand of flame (18)
 A - a wand of polymorph (6)
 C - a wand of roots (13)
Scrolls
 m - 3 scrolls of teleportation
 n - 2 scrolls of vulnerability
 s - 6 scrolls of identify
 y - a scroll of enchant armour
 D - a scroll of brand weapon
Potions
 d - 2 potions of magic
 e - 5 potions of flight
 g - 8 potions of curing
 i - 2 potions of resistance
 k - 3 potions of brilliance
 l - 4 potions of mutation
 r - a potion of attraction
 w - a potion of heal wounds
 B - a potion of degeneration


   Skills:
 - Level 8.1 Fighting
 + Level 8.0(8.9) Maces & Flails
 - Level 3.1 Ranged Weapons
 + Level 9.2(10.1) Armour
 - Level 2.4 Dodging
 + Level 6.2(7.1) Shields
 - Level 3.0 Conjurations


You had 8 spell levels left.
You knew the following spells:

 Your Spells              Type           Power      Damage    Failure   Level
a - Magic Dart            Conj           28%        1d4       58%         1

Your spell library contained the following spells:

 Spells                   Type           Power      Damage    Failure   Level
 Necrotise                Necr           0%         1d4       94%         1
 Summon Small Mammal      Summ           0%         N/A       94%         1
 Call Imp                 Summ           0%         N/A       98%         2
 Mephitic Cloud           Conj/Pois/Air  2%         N/A       99%         3
 Call Canine Familiar     Summ           0%         N/A       100%        3
 Summon Guardian Golem    Hex/Summ       0%         N/A       100%        3
 Vampiric Draining        Necr           0%         2d6       100%        3
 Agony                    Necr           0%         N/A       100%        5


Dungeon Overview and Level Annotations

Branches:
Dungeon (8/15)             Temple (1/1) D:6           Sewer (visited)
   Lair: D:8-11

Altars:
Ashenzari
Cheibriados
Dithmenos
Elyvilon
Fedhas
Gozag
Hepliaklqana
Kikubaaqudgha
Makhleb
Nemelex Xobeh
Qazlal
Ru
Sif Muna
Trog
Uskayaw
Vehumet
Wu Jian
Xom
Yredelemnul
Zin
The Shining One

Shops:
D:3 ((*=


Innate Abilities, Weirdness & Mutations

You are immune to sickness and miasma.
Your stone body is resilient. (AC +7)
You are immune to poison.
You resist negative energy. (rN+)
You are resistant to electric shocks. (rElec)
You are resistant to unholy torment.
You are immune to petrification.


Message History

The two-headed ogre hits you but does no damage.
You shoot a sling bullet.
The sling bullet hits the two-headed ogre!
The two-headed ogre is heavily wounded.
The two-headed ogre closely misses you. You block the two-headed ogre's attack.
A slime creature comes into view. x2
The two-headed ogre barely misses you.
The two-headed ogre completely misses you.
You shoot a sling bullet. The slime creature quivers. x2
The sling bullet hits the two-headed ogre!
The two-headed ogre is severely wounded.
A slime creature comes into view.
You block the two-headed ogre's attack.
The two-headed ogre hits you but does no damage.
A slime creature comes into view.
The slime creature hits you but does no damage.
You shoot a sling bullet. The slime creature quivers.
The sling bullet hits the two-headed ogre!
You kill the two-headed ogre!
The slime creature hits you but does no damage. x3
Your Maces & Flails skill increases to level 8!
Your base Armour skill increases to level 9!
Your base Shields skill increases to level 6!
You shoot a sling bullet.
The sling bullet hits the slime creature!!
The slime creature is moderately wounded.
Two slime creatures merge to form a large slime creature.
The slime creature hits you! The slime creature hits you.
Two slime creatures merge to form a very large slime creature.
The slime creature hits you!
Two slime creatures merge to form an enormous slime creature.
You shoot a sling bullet.
The sling bullet hits the enormous slime creature!!
The enormous slime creature is lightly wounded.
The slime creature misses you.
The enormous slime creature hits you!!!!
Ouch! That really hurt!
You die...

##.... ...#. .... ... #
##.J ##### ...#...
##...##
._....J####.....#####
#..J@............####
##...#........)#.....
#....#..............>
.......#.........######
##.##..##.......## ####
... #..###.....## #...
..# #............ ..##
.. ..####....?## ......


You could see an enormous slime creature and 2 slime creatures.

Vanquished Creatures
  2 two-headed ogres (D:8)
  Grinder (D:3)
  A hornet (D:8)
  A wyvern (D:8)
  Eustachio (D:6)
  A steam dragon (D:7)
  Menkaure (D:6)
  Duvessa (D:4)
  An orc warrior (D:7)
  An ice beast (D:6)
  A black bear (D:7)
  An ogre (D:6)
  A kobold brigand (D:7)
  Blork the orc (D:4)
  A gnoll sergeant (D:5)
  5 scorpions
  3 wights (D:7)
  Dowan (D:4)
  4 killer bees
  An oklob sapling (D:6)
  A howler monkey (D:8)
  A hound (D:5)
  3 orc priests
  A jelly (D:6)
  Crazy Yiuf (D:5)
  2 gnoll boudas
  4 iguanas
  Natasha (thrice) (D:2)
  3 orc wizards
  A sickly merfolk siren (Sewer)
  A malarious merfolk avatar (Sewer)
  23 gnolls
  15 adders
  A river rat (Sewer)
  2 shadow imps
  A white imp (D:5)
  An ufetubus (D:7)
  2 worms
  6 dart slugs
  24 orcs
  6 endoplasms
  5 giant cockroaches
  5 goblins
  8 hobgoblins
  6 jackals (D:2)
  5 quokkas
  15 ball pythons
  5 bats
  9 frilled lizards
  8 kobolds
  24 rats
  A spectral orc (D:4)
223 creatures vanquished.

Vanquished Creatures (others)
  A kobold (D:1)
  3 plants (D:6)
4 creatures vanquished.

Grand Total: 227 creatures vanquished

Notes
Turn   | Place    | Note
-------+----------+-------------------------------------------
     0 | D:1      | Ijustatesigmund the Gargoyle Fighter began the quest for
                  | the Orb.
     0 | D:1      | Reached XP level 1. HP: 14/14 MP: 1/1
   212 | D:1      | Reached XP level 2. HP: 19/19 MP: 2/2
   908 | D:1      | Reached XP level 3. HP: 24/24 MP: 3/3
   929 | D:2      | Noticed Natasha
   937 | D:2      | Killed Natasha
   938 | D:2      | Reached skill level 4 in Armour
   999 | D:2      | Reached XP level 4. HP: 28/29 MP: 4/4
  1028 | D:2      | Learned a level 1 spell: Magic Dart
  1114 | D:2      | Identified a scroll of acquirement
  1114 | D:2      | Acquired the +2 pair of gloves of the Moneychanger {Int+3}
  1174 | D:2      | Noticed Natasha
  1189 | D:2      | Killed Natasha
  1290 | D:2      | Reached XP level 5. HP: 33/33 MP: 5/5
  1443 | D:2      | Noticed Natasha
  1451 | D:2      | Killed Natasha
  1452 | D:2      | Reached skill level 1 in Conjurations
  1682 | D:3      | Found Nazessaa's Jewellery Shop.
  1696 | D:3      | Found Keocit's General Store.
  1702 | D:3      | Bought a scroll of identify for 20 gold pieces
  1702 | D:3      | Bought a scroll of teleportation for 30 gold pieces
  1702 | D:3      | Bought a scroll of teleportation for 30 gold pieces
  1749 | D:3      | Noticed Grinder
  1768 | D:3      | Killed Grinder
  1769 | D:3      | Reached skill level 5 in Fighting
  1769 | D:3      | Reached skill level 5 in Armour
  1769 | D:3      | Reached XP level 6. HP: 40/40 MP: 6/6
  1810 | D:3      | Found Taeh's Weapon Boutique.
  1881 | D:3      | Found a glowing drain.
  1915 | Sewer    | Entered a sewer
  2028 | Sewer    | Reached XP level 7. HP: 41/44 MP: 7/7
  2219 | Sewer    | Identified the +10 sling "Natyttev" {heavy, Fly Will+}
  2498 | D:3      | Found Jattu's Antique Weapon Shop.
  2767 | D:4      | Reached skill level 1 in Ranged Weapons
  2771 | D:4      | Found an ornate altar of the Wu Jian Council.
  2826 | D:4      | Noticed Dowan
  2954 | D:4      | Noticed Duvessa
  2956 | D:4      | Noticed Blork the orc
  3103 | D:5      | Entered Level 5 of the Dungeon
  3389 | D:5      | Reached XP level 8. HP: 46/51 MP: 8/8
  3413 | D:5      | Found an opulent altar of Gozag.
  3599 | D:5      | Reached skill level 5 in Maces & Flails
  3599 | D:5      | Reached skill level 6 in Armour
  3683 | D:5      | Found a sacrificial altar of Ru.
  3757 | D:5      | Found a bloodstained altar of Trog.
  3868 | D:5      | Found a runed translucent door.
  3869 | D:5      | Noticed Crazy Yiuf
  3875 | D:5      | Killed Crazy Yiuf
  4555 | D:6      | Found a shadowy altar of Dithmenos.
  4556 | D:6      | Found a staircase to the Ecumenical Temple.
  4564 | D:6      | Noticed Eustachio
  4683 | D:6      | Killed Eustachio
  4774 | Temple   | Entered the Ecumenical Temple
  4883 | Temple   | Became a worshipper of Ashenzari the Shackled
  5020 | D:6      | Found a shimmering blue altar of Sif Muna.
  5045 | D:6      | Reached skill level 1 in Dodging
  5221 | D:4      | Killed Blork the orc
  5222 | D:4      | Reached skill level 7 in Armour
  5288 | D:4      | Reached XP level 9. HP: 57/57 MP: 9/9
  5353 | D:4      | Killed Duvessa
  5359 | D:4      | Killed Dowan
  5547 | D:4      | Found a basalt altar of Yredelemnul.
  6140 | D:6      | Found a glowing golden altar of the Shining One.
  6234 | D:6      | Noticed Menkaure
  6237 | D:6      | Killed Menkaure
  6353 | D:6      | Found a hide-covered altar of Uskayaw.
  6759 | D:8      | Found a white marble altar of Elyvilon.
  6781 | D:8      | Reached skill level 8 in Armour
  7091 | D:7      | Reached * piety under Ashenzari
  7536 | D:7      | Found a stormy altar of Qazlal.
  7589 | D:8      | Noticed a hornet
  7603 | D:8      | Killed a hornet
  7604 | D:8      | Reached skill level 5 in Shields
  7604 | D:8      | Reached XP level 10. HP: 41/64 MP: 10/10
  7812 | D:8      | Noticed a two-headed ogre
  7818 | D:8      | Killed a two-headed ogre
  7904 | D:8      | Found a radiant altar of Vehumet.
  7905 | D:8      | Noticed a two-headed ogre
  7911 | D:8      | Killed a two-headed ogre
  7912 | D:8      | Reached skill level 9 in Armour
  7913 | D:8      | Annihilated by an enormous slime creature

Illustrated notes

Levels and vault maps discovered:
D:1:      matt_arrival_spirals, layout_basic
D:2:      layout_rooms, grunt_ministairs_5, minivault_4, uniq_natasha
D:3:      layout_loops_ring, serial_shops, nicolae_shop_bloodbath_and_beyond,
          shop, shop, nicolae_shop_advertising_works
          [nicolae_subvault_shop_adworks], gup_sewer_entry_glass, uniq_grinder
D:4:      minmay_recursive_quarters, layout_basic,
          yredelemnul_forgotten_temple_becter, nicolae_wu_jian_wuxing_cycle,
          corexii_item_surrounded_by_moat, minmay_stone_trees_large,
          minmay_crossroads, uniq_duvessa, uniq_blork_the_orc
D:5:      layout_cave_pods, mainiacjoe_overflow_big_doors, marbit_many_paths,
          grunt_decor_mini_mirrors, corner_web_ring, uniq_crazy_yiuf_cottage
D:6:      layout_rooms, lemuel_round_altar, nicolae_overflow_crystal_walls,
          nicolae_dithmenos_shadow_blocks, mainiacjoe_overflow_24_doors,
          minmay_temple_entry_oklob, uniq_menkaure, uniq_eustachio
D:7:      layout_basic, mainiacjoe_overflow_small_starburst, serial_glass,
          glass_columns_a, glass_columns_b
D:8:      layout_loops_ring, vehumet_crystals, old_standard_altar
Temple:   kb_temple_of_zot

Skill      XL: |  1  2  3  4  5  6  7  8  9 10 |
---------------+-------------------------------+-----
Armour         | 4 5 7 8 9 |  9.2
Fighting       | 4 5 7 8 |  8.1
Maces & Flails | 3 4 5 7 8 |  8.0
Conjurations   | 2 3 |  3.0
Ranged Weapons | 2 3 |  3.1
Dodging        | 1 2 |  2.4
Shields        | 5 6 |  6.2

Action                     |  1- 3 |  4- 6 |  7- 9 | 10-12 || total
---------------------------+-------+-------+-------+-------++-------
  Melee: Flail             |    78 |   218 |    60 |       ||   356
   Fire: Sling             |       |       |   356 |    16 ||   372
 Invoke: Curse Item        |       |       |     2 |       ||     2
    Use: Scroll            |       |     9 |     8 |       ||    17
         Potion            |       |     2 |     1 |       ||     3
 Armour: Scale mail        |    32 |   152 |   155 |       ||   339
         Chain mail        |       |       |   117 |     8 ||   125
  Dodge: Dodged            |    32 |   138 |   188 |     6 ||   364
  Block: Buckler           |    14 |    43 |    68 |     3 ||   128

Table legend: (Time is in decaauts)
 A = Elapsed time spent in this place.
 B = Non-inter-level travel time spent in this place.
 C = Inter-level travel time spent in this place.
 D = Time resting spent in this place.
 E = Time spent auto-exploring this place.
 F = Levels seen in this place.
 G = Mean time per level.
                   A        B        C        D        E       F      G
               +--------+--------+--------+--------+--------+-----+--------+
         Total |   8465 |   8166 |    299 |   1392 |   4877 |  10 |  846.5 |
       Dungeon |   7867 |   7617 |    250 |   1378 |   4603 |   8 |  983.4 |
        Temple |    137 |     89 |     48 |      0 |     83 |   1 |  137.0 |
         Sewer |    460 |    460 |      0 |     14 |    191 |   1 |  460.0 |
               +--------+--------+--------+--------+--------+-----+--------+

Top non-repeatable levels by time:
     D:5: 1650 daAuts
     D:4: 1398 daAuts
     D:1: 977 daAuts
     D:6: 918 daAuts
     D:7: 783 daAuts
     D:2: 737 daAuts
     D:8: 717 daAuts
     D:3: 684 daAuts
   Sewer: 460 daAuts
  Temple: 137 daAuts
